AoeStats
← 啊超

Arena

507277910Analyzed
3v3 RM · 14d ago on Sep 17, 2026· 47m 52s· 6 players
Game mode
Random Map
Map size
Normal (6 player)
Population
200
Speed
Normal
Resources
Standard
Victory
Conquest
Starting age
Dark Age
Ending age
Imperial Age
RankedLock teamsTeams togetherTeam positionsShared explorationLock speedFull tech treeHidden civsTurbo modeCheats
Victory
Defeat
🇨🇳 Chinese · China
1268
+12
🇪🇸 Bohemians · Spain
1216
+14
🇨🇳 Franks · China
1160
+18
🇨🇳 Burmese · China
1191
-15
🇨🇳 Teutons · China
1183
-15
🇨🇳 Italians · China
1176
-14
啊超
10:32 Feudal Age
15:21 Castle Age
14:12 Double-Bit Axe
15:24 Loom
16:11 Bow Saw
28:30 Imperial Age
26:26 Husbandry
27:16 Gold Mining
28:16 Forging
28:12 Scale Barding Armor
30:47 Iron Casting
30:34 Chain Barding Armor
29:38 Cavalier
31:35 Gold Shaft Mining
33:07 Chemistry
32:58 Wheelbarrow
34:05 Blast Furnace
33:04 Paladin
35:32 Plate Barding Armor
39:01 Stone Mining
41:06 Elite Throwing Axeman
41:48 Chivalry
42:34 Conscription
43:03 Scale Mail Armor
46:34 Chain Mail Armor
LY
0:29 Loom
11:13 Feudal Age
15:47 Castle Age
14:25 Double-Bit Axe
15:00 Stone Mining
15:35 Horse Collar
16:13 Town Watch
16:26 Gold Mining
18:39 Fletching
21:41 Bodkin Arrow
23:37 Padded Archer Armor
28:23 Bow Saw
29:58 Wheelbarrow
33:33 Heavy Plow
35:32 Ballistics
35:14 Squires
38:28 Imperial Age
36:43 Leather Archer Armor
37:49 Gold Shaft Mining
37:53 Stone Shaft Mining
38:23 Thumb Ring
40:17 Two-Man Saw
40:29 Conscription
41:34 Chemistry
40:20 Arrowslits
40:38 Bracer
41:09 Ring Archer Armor
41:19 Fervor
42:14 Hand Cart
42:03 Town Patrol
43:18 Elite Chu Ko Nu
46:05 Scale Mail Armor
46:16 Forging
46:11 Scale Barding Armor
46:15 Elite Fire Lancer
47:14 Chain Mail Armor
47:06 Arson
48:32 Iron Casting
Agapito di Sousa
11:10 Feudal Age
12:16 Loom
15:41 Castle Age
14:11 Double-Bit Axe
14:36 Horse Collar
18:32 Fletching
21:38 Bow Saw
23:49 Heavy Plow
26:27 Bodkin Arrow
29:04 Ballistics
32:28 Imperial Age
32:39 Imperial Age
32:23 Chemistry
34:25 Bracer
36:21 Siege Engineers
36:28 Masonry
38:05 Padded Archer Armor
39:20 Wheelbarrow
40:54 Leather Archer Armor
44:20 Ring Archer Armor
45:57 Conscription
半生孑
12:03 Feudal Age
13:43 Town Watch
16:08 Castle Age
16:04 Double-Bit Axe
16:11 Horse Collar
17:17 Heavy Plow
24:55 Town Watch
25:46 Wheelbarrow
25:36 Bow Saw
25:25 Gold Mining
27:17 Loom
31:24 Hand Cart
32:21 Fortified Wall
32:25 Masonry
34:07 Ballistics
33:38 Guard Tower
37:09 Elite Skirmisher
39:31 Pikeman
40:13 Squires
851549245
11:18 Feudal Age
12:32 Double-Bit Axe
15:40 Castle Age
13:48 Horse Collar
19:53 Fletching
19:53 Loom
21:19 Gold Mining
28:48 Imperial Age
26:46 Bodkin Arrow
30:30 Wheelbarrow
31:30 Chemistry
32:50 Hand Cart
32:20 Town Watch
48:22 Town Patrol
大清第一巴图鲁
11:20 Feudal Age
12:02 Horse Collar
15:28 Castle Age
16:25 Heavy Plow
21:12 Wheelbarrow
23:13 Gold Mining
24:46 Gold Shaft Mining
24:02 Stone Mining
25:24 Scale Mail Armor
25:49 Hand Cart
26:37 Loom
27:18 Squires
27:31 Forging
27:36 Chain Mail Armor
30:51 Imperial Age
29:48 Iron Casting
33:00 Crop Rotation
33:02 Plate Mail Armor
33:33 Blast Furnace
32:18 Pikeman
33:53 Halberdier
39:38 Conscription
39:13 Fletching
44:25 Bodkin Arrow
44:39 Siege Engineers
44:15 Treadmill Crane
44:57 Ballistics
45:37 Chemistry
44:48 Masonry
Connection lost

Rejoining the realm…

Still unreachable

The connection could not be restored.

Session expired

The server has moved on; the page needs a fresh start.